 Dungeon Crawl Stone Soup version 0.31-a0-149-g3fdcc5976a (webtiles) character file.

Game seed: 8747536948349801817

2 comborobin the Sneak (level 1, -2/18 HPs)
             Began as a Demonspawn Delver on June 8, 2023.
             Slain by a sky beast (6 damage)
             ... on level 4 of the Dungeon.
             The game lasted 00:01:05 (360 turns).

comborobin the Sneak (Demonspawn Delver)             Turns: 360, Time: 00:01:06

Health: -2/18      AC:  3    Str: 12    XL:     1   Next: 25%
Magic:  1/1        EV: 11    Int: 11    God:
Gold:   28         SH:  0    Dex: 14    Spells: 0/0 levels left

rFire   . .          .
                       - Unarmed
rCold   . . .        (no shield)
rNeg    . . .        a - +0 leather armour
rPois   .            (no helmet)
rElec   .            (no cloak)
rCorr   .            (no gloves)
SInv    .            (no boots)
Will    .....        (no amulet)
Stlth   ++           (no ring)
HPRegen 0.23/turn    (no ring)
MPRegen 0.07/turn

%: no passive effects
@: hasted (expiring), very quick
A: no striking features
a: no special abilities


You were on level 4 of the Dungeon.
You visited 2 branches of the dungeon, and saw 5 of its levels.

You collected 28 gold pieces.

Inventory:

Armour
 a - a +0 leather armour (worn)
Wands
 f - a wand of digging (3)
Scrolls
 b - a scroll of fog
 c - a scroll of magic mapping


   Skills:
 + Level 3.0 Fighting
 + Level 1.8 Dodging
 + Level 4.5 Stealth
 + Level 1.8 Unarmed Combat


You couldn't memorise any spells.
You didn't know any spells.
Your spell library was empty.

Dungeon Overview and Level Annotations

Branches:
Dungeon (6/15)             Temple (1/1) D:5

Altars:
Ashenzari
Dithmenos
Gozag
Hepliaklqana
Makhleb
Nemelex Xobeh
Qazlal
Ru
Sif Muna
Uskayaw
Vehumet
Wu Jian
Yredelemnul


Message History

You see here a +0 leather armour.
The hound attacks as you move away! The hound bites you but does no damage.
The orc wizard gestures wildly while chanting.
The orc wizard flickers and vanishes!
Deactivating autopickup; reactivate with Ctrl-A.
The hound attacks as you move away! The hound bites you but does no damage.
There is a stone staircase leading up here.
The hound bites you.
You climb upwards.
Reactivating autopickup.
Found an escape hatch in the ceiling.
There is a stone staircase leading down here.
The hound attacks as you move away! The hound bites you but does no damage.
You can't go up here!
There is an escape hatch in the ceiling here.
The hound closely misses you. A mysterious force pulls you upwards.
The hatch slams shut behind you.
Found a robe.
The hound bites you. The hound attacks as you move away! The hound bites you.
Found a long sword.
Found an escape hatch in the floor.
The hound attacks as you move away! The hound bites you. The hound misses you.
There is an escape hatch in the floor here.
The hound stops to sniff the ground.
The hound barely misses you.
You slide downwards.
The hatch slams shut behind you.
Found a stone staircase leading down.
An iguana comes into view.
Your extra speed is starting to run out.
The hound barely misses you.
A sky beast comes into view.
Found a stormy altar of Qazlal.
An orc comes into view. It is wielding a +0 whip.
The hound attacks as you move away! The hound bites you.
A giant cockroach comes into view.
The sky beast hits you.
* * * LOW HITPOINT WARNING * * *
The sky beast shocks you.
You die...

.. #....#.... ##.
......###....#....
#..###......##..........
#....................>.
#.B.#o#........#.....#
#..#...#.......#.....#
#.#.....#.#.........#
#...._Y...###.....###
#....@#.###.....#
#..#...#.h........#
#...#.#.....##.####
#...........####
#####......## ########


You could see a sky beast, a hound, an orc (asleep) and a giant cockroach
(asleep).

Vanquished Creatures
  An orc (D:5)
1 creature vanquished.

Notes
Turn   | Place    | Note
-------+----------+-------------------------------------------
     0 | D:5      | comborobin the Demonspawn Delver began the quest for the
                  | Orb.
     0 | D:5      | Reached XP level 1. HP: 18/18 MP: 1/1
    50 | D:6      | Noticed a sky beast
   145 | D:5      | Found a staircase to the Ecumenical Temple.
   154 | D:5      | Noticed a hound
   158 | D:5      | Noticed an orc wizard
   158 | D:5      | Noticed an iguana
   160 | Temple   | Entered the Ecumenical Temple
   352 | D:4      | Noticed an iguana
   355 | D:4      | Found a stormy altar of Qazlal.
   355 | D:4      | Noticed a sky beast
   360 | D:4      | Slain by a sky beast

Illustrated notes

Levels and vault maps discovered:
D:3:      layout_basic, mainiacjoe_overflow_alcove_1, nrook_mini_vaults,
          serial_bayou_pond_d, minmay_misc_feat_x
D:4:      layout_cave_pools, tgw_kikubaaqudgha, lemuel_round_altar,
          nicolae_qazlal_beasts_of_the_sky, serial_demonic, serial_demonic_f,
          serial_demonic_b, serial_demonic_e, serial_demonic_g,
          serial_demonic_a, serial_demonic_e, uniq_grinder
D:5:      layout_loops_cross, minmay_temple_entry_ruins
D:6:      layout_basic, fedhas_bush_and_centaur_altar, minmay_misc_feat_square,
          uniq_duvessa, uniq_pikel
Temple:   nicolae_temple_superstar

Action                     || total
---------------------------++-------
  Melee: Unarmed           ||     3
    Use: Scroll            ||     3
         Potion            ||     2
   Stab: Sleeping          ||     1
 Armour: Leather armour    ||     5
  Dodge: Dodged            ||    13

Table legend: (Time is in decaauts)
 A = Elapsed time spent in this place.
 B = Non-inter-level travel time spent in this place.
 C = Inter-level travel time spent in this place.
 D = Time resting spent in this place.
 E = Time spent auto-exploring this place.
 F = Levels seen in this place.
 G = Mean time per level.
                   A        B        C        D        E       F      G
               +--------+--------+--------+--------+--------+-----+--------+
         Total |    341 |    305 |     36 |      0 |    192 |   5 |   68.2 |
       Dungeon |    199 |    183 |     16 |      0 |     92 |   4 |   49.8 |
        Temple |    142 |    122 |     20 |      0 |    100 |   1 |  142.0 |
               +--------+--------+--------+--------+--------+-----+--------+

Top non-repeatable levels by time:
  Temple: 142 daAuts
     D:6: 92 daAuts
     D:5: 87 daAuts
     D:4: 10 daAuts
     D:3: 9 daAuts
